 Dungeon Crawl Stone Soup version 0.21.1-1-g345015f (webtiles) character file.

937 Monsterracer the Insei (level 8, -8/55 HPs)
             Began as an Octopode Monk on Feb 13, 2018.
             Mangled by an orc warrior
             ... wielding a +0 short sword
              (9 damage)
             ... on level 7 of the Dungeon.
             The game lasted 00:04:25 (4160 turns).

Monsterracer the Insei (Octopode Monk)              Turns: 4160, Time: 00:04:26

Health: -8/55      AC:  1    Str: 10    XL:     8   Next: 12%
Magic:  8/8        EV: 16    Int: 13    God:
Gold:   203        SH:  0    Dex: 16    Spells: 7/7 levels left

rFire    . . .     SeeInvis .     - Unarmed
rCold    . . .     Gourm    .   (no shield)
rNeg     . . .     Faith    .   (helmet restricted)
rPois    .         Spirit   .   (no amulet)
rElec    .         Reflect  .   l - ring of flight
rCorr    .         Harm     .   (no ring)
MR       .....                  (no ring)
Stlth    ++++......             (no ring)
HPRegen  0.18/turn              (no ring)
MPRegen  0.11/turn              (no ring)
                                (no ring)
                                (no ring)

@: no status effects
A: almost no armour, stealthy swim, amphibious, 8 rings, constrict 8, camouflage
1, gelatinous body 1
a: Evoke Flight


You were on level 7 of the Dungeon.
You were not hungry.

You visited 1 branch of the dungeon, and saw 5 of its levels.

You collected 203 gold pieces.

Inventory:

Jewellery
 l - a ring of flight (left tentacle)
Wands
 m - a wand of enslavement (10)
Scrolls
 a - 6 scrolls of identify {unknown}
 b - 2 scrolls of blinking {unknown}
 f - 4 scrolls of teleportation {unknown}
 h - 6 scrolls of remove curse
 i - a scroll of fog {unknown}
 j - 4 scrolls of amnesia {unknown}
 k - a scroll of enchant armour {unknown}
 n - a scroll of fear {unknown}
 o - a scroll of noise {unknown}
 q - 2 scrolls of random uselessness {unknown}
Potions
 d - 2 potions of curing {unknown}
 e - 2 potions of heal wounds {unknown}
 g - a potion of might {unknown}
 p - a potion of degeneration {unknown}
Comestibles
 c - 5 rations
 r - 2 chunks of flesh


   Skills:
 + Level 5.3 Fighting
 + Level 5.2 Dodging
 - Level 4.0 Stealth
 * Level 6.9 Unarmed Combat


You had 7 spell levels left.
You didn't know any spells.

Dungeon Overview and Level Annotations

Branches:
Dungeon (4/15)
 Temple: D:4-7

Altars:
Fedhas
Makhleb
Vehumet
Wu Jian
Yredelemnul

Annotations:
D:4 Natasha


Innate Abilities, Weirdness & Mutations

You cannot wear most types of armour.
You are very stealthy in the water. (Stealth+)
You are amphibious.
You can wear up to eight rings at the same time.
You can use your tentacles to constrict eight enemies at once.
Your skin changes colour to match your surroundings (Stealth+).
Your rubbery body absorbs attacks. (AC +1, EV +1)


Message History

The hound barks!
Found an animal skin.
You see here a bullfrog corpse.
An orc comes into view. It is wielding a hand axe.
The hound misses you.
The orc moves out of view.
The hound bites you.
* * * LOW HITPOINT WARNING * * *
You take 3 damage, and have 27/55 hp.
You miss the hound. You grab the hound.
You constrict the hound, but do no damage.
The hound misses you.
You tentacle-slap the hound.
The hound is lightly wounded.
You constrict the hound. The hound bites you.
* * * LOW HITPOINT WARNING * * *
You take 3 damage, and have 24/55 hp.
You completely miss the hound.
The hound is moderately wounded.
You constrict the hound. The hound barely misses you. x2
You tentacle-slap the hound.
The hound is moderately wounded.
You constrict the hound.
The freed slave barely misses the hound.
The hound misses you.
You tentacle-slap the hound but do no damage.
The hound is moderately wounded.
You constrict the hound.
The freed slave hits the hound but does no damage.
The hound bites you.
* * * LOW HITPOINT WARNING * * *
The freed slave hits the hound.
You take 5 damage, and have 20/55 hp.
You tentacle-slap the hound.
You kill the hound!
You swap places.
The hound skeleton closely misses the freed slave.
The freed slave barely misses the hound skeleton.
The hound skeleton misses you.
You closely miss the hound skeleton. You grab the hound skeleton.
You squeeze the hound skeleton!
The hound skeleton is moderately damaged.
You constrict the hound skeleton.
The freed slave hits the hound skeleton.
The freed slave hits the hound skeleton!
The hound skeleton is destroyed!
You start resting.
A worker ant comes into view.
You see here a bullfrog corpse.
You butcher the bullfrog corpse.
r - 2 chunks of flesh (gained 1)
You start resting.
A bullfrog comes into view.
You regained 9 hp, and now have 32/55 hp.
A bullfrog is nearby!
An adder skeleton comes into view.
Items here: % ) [ ÷ a whip of flaming; a robe; 4 inedible chunks of flesh the big kobold skeleton of Pikel
There are monsters nearby!
The bullfrog croaks.
You barely miss the bullfrog. Your grab misses the bullfrog.
Your squeeze misses the bullfrog.
The bullfrog is moderately wounded.
The bullfrog misses you.
You tentacle-slap the bullfrog. You grab the bullfrog.
Your squeeze misses the bullfrog.
The bullfrog is heavily wounded.
You constrict the bullfrog. The bullfrog misses you.
You bludgeon the bullfrog!
You kill the bullfrog!
The adder skeleton closely misses you.
You tentacle-slap the adder skeleton. Your grab misses the adder skeleton.
Your squeeze misses the adder skeleton.
The adder skeleton is heavily damaged.
The adder skeleton bites you but does no damage.
You bludgeon the adder skeleton!
You destroy the adder skeleton!
You start resting.
An orc warrior comes into view. It is wielding a short sword.
You tentacle-slap the orc warrior. You grab the orc warrior.
The orc warrior is moderately wounded.
You constrict the orc warrior, but do no damage.
The orc warrior hits you with a short sword.
You take 2 damage, and have 33/55 hp.
You tentacle-slap the orc warrior.
The orc warrior is moderately wounded.
You constrict the orc warrior.
The orc warrior hits you with a short sword!
* * * LOW HITPOINT WARNING * * *
You take 14 damage, and have 19/55 hp.
MASSIVE DAMAGE!!
You tentacle-slap the orc warrior but do no damage.
The orc warrior is moderately wounded.
You constrict the orc warrior.
The orc warrior hits you with a short sword!!
* * * LOW HITPOINT WARNING * * *
You take 18 damage, and have 1/55 hp.
MASSIVE DAMAGE!!
You bludgeon the orc warrior! You tentacle-slap the orc warrior.
The orc warrior is almost dead.
You constrict the orc warrior, but do no damage.
The orc warrior hits you with a short sword!
You die...

... ..# #..
#.# #.# #.#
#.# #)# #@#
##o#####
#.†....#
#......#
............#
a..###......#
. #......#
##.##### .[#


You could see an orc warrior.

Vanquished Creatures
  Pikel (D:7)
  An ogre (D:4)
  A bullfrog (D:7)
  2 hounds
  An orc wizard (D:3)
  Natasha (twice) (D:4)
  2 worker ants
  7 adders
  2 oozes
  An adder skeleton (D:7)
  3 worms
  11 dart slugs
  2 leopard geckos
  3 orcs (D:3)
  8 bats
  A giant cockroach (D:3)
  12 goblins
  6 hobgoblins
  7 jackals (D:4)
  A quokka (D:3)
  A ball python (D:2)
  6 frilled lizards
  A jackal skeleton (D:4)
  6 kobolds
  8 rats
96 creatures vanquished.

Vanquished Creatures (others)
  4 slaves (D:7)
  A bullfrog (D:7)
  A hound skeleton (D:7)
  An orc (D:7)
7 creatures vanquished.

Grand Total: 103 creatures vanquished

Notes
Turn   | Place    | Note
-------+----------+-------------------------------------------
     0 | D:1      | Monsterracer the Octopode Monk began the quest for the Orb.
     0 | D:1      | Reached XP level 1. HP: 16/16 MP: 1/1
   132 | D:1      | Reached XP level 2. HP: 20/21 MP: 2/2
   556 | D:1      | Reached XP level 3. HP: 26/26 MP: 3/3
   760 | D:2      | HP: 13/26 [poisoned by an adder]
  1156 | D:2      | Reached XP level 4. HP: 31/31 MP: 4/4
  1685 | D:3      | HP: 15/31 [poisoned by an adder]
  1802 | D:3      | Reached skill level 4 in Unarmed Combat
  2038 | D:3      | Reached XP level 5. HP: 37/37 MP: 5/5
  2904 | D:4      | HP: 14/37 [dart slug/slug dart (6)]
  3151 | D:4      | Reached XP level 6. HP: 29/43 MP: 6/6
  3361 | D:4      | Reached skill level 5 in Unarmed Combat
  3526 | D:4      | Noticed Natasha
  3538 | D:4      | Killed Natasha
  3556 | D:4      | Found a blossoming altar of Fedhas.
  3697 | D:4      | Found a burning altar of Makhleb.
  3803 | D:4      | Found a basalt altar of Yredelemnul.
  3803 | D:4      | Found an ornate altar of the Wu Jian Council.
  3807 | D:4      | Found a radiant altar of Vehumet.
  3851 | D:4      | Found a blossoming altar of Fedhas.
  3953 | D:4      | Noticed Natasha
  3958 | D:4      | Killed Natasha
  4021 | D:4      | Noticed Natasha
  4024 | D:4      | You fall through a shaft for 3 floors!
  4024 | D:7      | Noticed Pikel
  4024 | D:7      | Noticed a slave
  4024 | D:7      | Noticed a slave
  4024 | D:7      | Noticed a slave
  4024 | D:7      | Noticed a slave
  4035 | D:7      | HP: 20/44 [Pikel/whip of flaming (7)]
  4037 | D:7      | Killed Pikel
  4037 | D:7      | Reached skill level 5 in Fighting
  4037 | D:7      | Reached skill level 5 in Dodging
  4037 | D:7      | Reached skill level 6 in Unarmed Combat
  4037 | D:7      | Reached XP level 7. HP: 22/50 MP: 7/7
  4037 | D:7      | Reached XP level 8. HP: 24/55 MP: 8/8
  4068 | D:7      | HP: 27/55 [hound (3)]
  4073 | D:7      | HP: 20/55 [hound (5)]
  4158 | D:7      | HP: 19/55 [orc warrior/short sword (14)]
  4159 | D:7      | HP: 1/55 [orc warrior/short sword (18)]
  4160 | D:7      | Mangled by an orc warrior

Skill      XL: |  1  2  3  4  5  6 |
---------------+-------------------+-----
Stealth        | 3 4 |  4.0
Unarmed Combat | 4 6 |  6.9
Fighting       | 4 5 |  5.3
Dodging        | 4 5 |  5.2

Action                   |  1- 3 |  4- 6 |  7- 9 || total
-------------------------+-------+-------+-------++-------
Melee: Unarmed           |    69 |   160 |    16 ||   245
       Constrict         |    26 |    48 |     4 ||    78
       Tentacles         |     8 |    37 |     3 ||    48
       Punch             |     2 |     4 |     1 ||     7
  Use: Scroll            |       |     1 |       ||     1
 Stab: Sleeping          |     3 |    10 |       ||    13
  Eat: Chunk             |     1 |     9 |       ||    10
Armor: Skin              |     6 |    12 |     1 ||    19
Dodge: Dodged            |    40 |   103 |     9 ||   152

Vault maps used:
D:1:      saegor_arrival_simple_b
D:4:      kennysheep_slugbush, bloody_makhleb, old_standard_altar, minitemple,
          first_ration, fedhas_altar_fruit_tree, uniq_natasha
D:7:      kennysheep_mini, uniq_pikel
